 Dungeon Crawl Stone Soup version 0.26-a0-1181-gd376ed14c5 (console) character file.

Game seed: 12642014336502053990

54 casual the Skirmisher (level 3, -2/37 HPs)
             Began as a Troll Delver on Dec 26, 2020.
             Slain by a centaur skeleton (6 damage)
             ... on level 5 of the Dungeon.
             The game lasted 00:00:52 (196 turns).

casual the Skirmisher (Troll Delver)                 Turns: 196, Time: 00:00:53

Health: -2/37      AC:  6    Str: 20    XL:     3   Next: 66%
Magic:  2/2        EV: 10    Int:  7    God:
Gold:   7          SH:  0    Dex: 11    Spells: 2/2 levels left

rFire    . . .     SeeInvis .     - Unarmed
rCold    . . .     Faith    .   (no shield)
rNeg     . . .     Spirit   .   a - +0 robe
rPois    .         Reflect  .   (helmet restricted)
rElec    .         Harm     .   (no cloak)
rCorr    .         Rampage  .   (gloves unavailable)
Will     .....                  (boots unavailable)
Stlth    ++........             (no amulet)
HPRegen  0.52/turn              (no ring)
MPRegen  0.08/turn              (no ring)

@: no status effects
A: large, unfitting armour, claws 3, regeneration 1, shaggy fur 1, tough skin 3
a: no special abilities


You were on level 5 of the Dungeon.
You visited 1 branch of the dungeon, and saw 2 of its levels.

You collected 7 gold pieces.

Inventory:

Missiles
 h - 2 large rocks (quivered)
Armour
 a - a +0 robe (worn)
Wands
 f - a wand of digging (2)
 g - a wand of iceblast (11)
 k - a wand of acid (7)
Scrolls
 b - a scroll of fog
 c - a scroll of magic mapping
Potions
 e - a potion of haste
 i - a potion of ambrosia {unknown}
 j - a potion of brilliance {unknown}


   Skills:
 + Level 3.0 Fighting
 + Level 2.3 Dodging
 - Level 2.7 Stealth
 + Level 2.8 Unarmed Combat


You had 2 spell levels left.
You didn't know any spells.
Your spell library was empty.

Dungeon Overview and Level Annotations

Branches:
Dungeon (5/15)
 Temple: D:4-7

Altars:


Innate Abilities, Weirdness & Mutations

You are too large for most types of armour.
You have claws for hands.
Your natural rate of healing is unusually fast.
You are covered in fur. (AC +1)
You have extremely tough skin. (AC +3)


Message History

A worm and 2 gnolls come into view.
The gnoll shouts! x2
Found a plate armour.
There is a stone staircase leading down here.
You take 1 damage, and have 6/37 hp.
As you read the scroll of fear, it crumbles to dust.
You assume a fearsome visage.
The worm looks frightened!
The gnoll looks frightened! x4
You climb downwards.
The centaur skeleton closely misses you. x2
There is a stone staircase leading up here.
You claw the centaur skeleton!
The centaur skeleton is severely damaged.
The centaur skeleton hits you.
* * * LOW HITPOINT WARNING * * *
You take 6 damage, and have 2/37 hp.
You scratch the centaur skeleton.
The centaur skeleton is almost destroyed.
The centaur skeleton hits you.
You die...

..........!█
..........█
..........█
███........██
█.███......█
███████.█████...██
█.........█████†█
██.███████...███.█
...█ █.█....@█


████ █.█..█Z███████.. ██......<........ █.......█........ █..█..█.█.████.██
█..█........█ █..█.██.█.█.█ █. █. █.█†.....█ .. ..█......█ You could see a
centaur skeleton.

Vanquished Creatures
  A hound (D:5)
  A worker ant (D:5)
  A giant cockroach (D:5)
3 creatures vanquished.

Notes
Turn   | Place    | Note
-------+----------+-------------------------------------------
     0 | D:5      | casual the Troll Delver began the quest for the Orb.
     0 | D:5      | Reached XP level 1. HP: 22/22 MP: 0/0
    94 | D:5      | Noticed a worker ant
   102 | D:5      | Killed a worker ant
   103 | D:5      | Reached XP level 2. HP: 14/29 MP: 1/1
   185 | D:5      | Reached skill level 3 in Fighting
   185 | D:5      | Reached XP level 3. HP: 6/37 MP: 2/2
   196 | D:5      | Slain by a centaur skeleton

Illustrated notes

Levels and vault maps discovered:
D:4:      layout_basic, gammafunk_ghost_arena, nicolae_alphabet_shops
D:5:      minmay_skewed_foursquare, layout_loops_cross,
          minmay_temple_entry_proselytizer

Skill      XL: |  1  2 |
---------------+-------+-----
Dodging        | 2 |  2.3
Fighting       | 3 |  3.0
Stealth        | |  2.7
Unarmed Combat | |  2.8

Action                   || total
-------------------------++-------
Melee: Unarmed           ||    19
Evoke: Wand              ||     1
  Use: Scroll            ||     1
 Stab: Sleeping          ||     1
Armor: Robe              ||    10
Dodge: Dodged            ||    12

Table legend: (Time is in decaauts)
 A = Elapsed time spent in this place.
 B = Non-inter-level travel time spent in this place.
 C = Inter-level travel time spent in this place.
 D = Time resting spent in this place.
 E = Time spent auto-exploring this place.
 F = Levels seen in this place.
 G = Mean time per level.
                   A        B        C        D        E       F      G
               +--------+--------+--------+--------+--------+-----+--------+
         Total |    195 |    195 |      0 |     51 |     75 |   2 |   97.5 |
       Dungeon |    195 |    195 |      0 |     51 |     75 |   2 |   97.5 |
               +--------+--------+--------+--------+--------+-----+--------+

Top non-repeatable levels by time:
     D:5: 192 daAuts
     D:4: 2 daAuts
